 Dungeon Crawl Stone Soup version 0.30-a0-170-g85af917532 (webtiles) character file.

Game seed: 5298071370703848051

125590 RepoMan the Impaler (level 16, -3/127 HPs)
             Began as a Mummy Monk on Oct 1, 2022.
             Was a Priest of Fedhas.
             Slain by Mlioglotl (29 damage)
             ... on level 1 of the Swamp.
             The game lasted 03:00:57 (35852 turns).

RepoMan the Impaler (Mummy Monk)                   Turns: 35852, Time: 03:00:57

Health: -3/127     AC: 22    Str: 21    XL:     16   Next: 41%
Magic:  10/24      EV: 14    Int: 10    God:    Fedhas [***...]
Gold:   2368       SH:  5    Dex: 15    Spells: 15/15 levels left

rFire   + . .      SeeInvis .    v - +6 trident (vamp)
rCold   . . .      Faith    +    (no shield)
rNeg    + + +      Spirit   .    K - +0 fire dragon scales
rPois   ∞          Reflect  +    Q - +2 hat
rElec   .          Harm     .    I - +0 cloak
rCorr   +          Rampage  .    g - +2 pair of gloves
Will    ++...                    (no boots)
Stlth   ..........               f - amulet of reflection
HPRegen 0.31/turn                o - ring of resist corrosion
MPRegen 0.19/turn                s - +4 ring of protection

@: silenced
A: cold resistance 1, negative energy resistance 3, torment resistance 2, heat
vulnerability 1, in touch with death 2, no potions, faith
a: Renounce Religion


You were on level 1 of the Swamp.
You worshipped Fedhas.
Fedhas was most pleased with you.
You visited 5 branches of the dungeon, and saw 24 of its levels.
You also visited: Ossuary and Ice Cave.

You collected 3084 gold pieces.
You spent 716 gold pieces at shops.

Inventory:

Hand Weapons
 a - a +4 antimagic trident
 b - a +5 broad axe
 v - a +6 vampiric trident (weapon)
 y - a +3 shortbow
 T - a +4 shortbow
Missiles
 m - 11 javelins
 t - 44 poisoned darts (quivered)
 B - 10 atropa-tipped darts
 P - 3 boomerangs of dispersal
 R - 12 boomerangs
 S - 2 throwing nets
Armour
 d - the +4 plate armour of Vanity {Fly rC+ Str-4 Dex+3}
   (You found it on level 15 of the Dungeon)

   Str:       It affects your strength (-4).
   Dex:       It affects your dexterity (+3).
   rC:        It protects you from cold.
   Fly:       It grants you flight.
 g - a +2 pair of gloves (worn)
 j - +0 acid dragon scales
 C - the +12 chain mail "Piwno" {rN++ Will- Dex+5}
   (You found it on level 10 of the Dungeon)

   Dex:       It affects your dexterity (+5).
   rN:        It greatly protects you from negative energy.
   Will:      It decreases your willpower.
 F - +0 ice dragon scales
 I - a +0 cloak (worn)
 K - +0 fire dragon scales (worn)
 O - a +0 robe of fire resistance
 Q - a +2 hat (worn)
Jewellery
 f - an amulet of reflection (around neck)
 o - a ring of resist corrosion (left hand)
 s - a +4 ring of protection (right hand)
 u - a ring of see invisible
 w - an amulet of regeneration
 x - a +4 ring of protection
 D - a ring of protection from cold
 H - a +6 ring of dexterity
 V - a +6 ring of dexterity
Wands
 c - a wand of mindburst (11)
 h - a wand of flame (30)
 i - a wand of charming (23)
 N - a wand of light (1)
Scrolls
 e - 8 scrolls of teleportation
 k - a scroll of blinking
 l - 5 scrolls of amnesia
 n - 2 scrolls of butterflies
 p - a scroll of fear
 q - 2 scrolls of magic mapping
 z - a scroll of noise
 A - 4 scrolls of enchant armour
 E - 3 scrolls of enchant weapon
 G - 2 scrolls of immolation
 J - 3 scrolls of brand weapon
 L - 3 scrolls of poison
 U - 2 scrolls of vulnerability
Miscellaneous
 r - a condenser vane (inert)


   Skills:
 + Level 11.9 Fighting
 * Level 16.5 Polearms
 + Level 9.7 Armour
 + Level 10.2 Dodging
 - Level 1.5 Stealth
 + Level 11.7 Invocations


You had 15 spell levels left.
You didn't know any spells.
Your spell library contained the following spells:

 Spells                   Type           Power      Damage    Failure   Level
 Cigotuvi's Dreadful Rot  Necr/Pois/Air  0%         N/A       85%         2
 Call Canine Familiar     Summ           0%         N/A       97%         3
 Dazzling Flash           Conj/Hex       0%         N/A       97%         3
 Frozen Ramparts          Ice            0%         1d1       97%         3
 Gell's Gravitas          Tloc           0%         N/A       97%         3
 Ignite Poison            Fire/Tmut/Pois 0%         N/A       97%         3
 Lesser Beckoning         Tloc           0%         N/A       97%         3
 Ozocubu's Armour         Ice            0%         N/A       97%         3
 Portal Projectile        Hex/Tloc       0%         N/A       97%         3
 Stone Arrow              Conj/Erth      0%         3d7       97%         3
 Teleport Other           Tloc           0%         N/A       97%         3
 Tukima's Dance           Hex            0%         N/A       97%         3
 Animate Armour           Summ/Erth      0%         N/A       100%        4
 Dispel Undead            Necr           0%         3d6       100%        4
 Iskenderun's Mystic Bla  Conj/Tloc      0%         2d3       100%        4
 Leda's Liquefaction      Hex/Erth       0%         N/A       100%        4
 Passage of Golubria      Tloc           0%         N/A       100%        4
 Sticky Flame             Conj/Fire      0%         2d3       100%        4
 Summon Ice Beast         Ice/Summ       0%         N/A       100%        4
 Freezing Cloud           Conj/Ice/Air   0%         6-21      100%        5
 Metabolic Englaciation   Hex/Ice        0%         N/A       100%        5
 Yara's Violent Unravell  Hex/Tmut       0%         3d3       100%        5
 Death Channel            Necr           0%         N/A       100%        6
 Dispersal                Tloc           0%         N/A       100%        6
 Simulacrum               Ice/Necr       0%         N/A       100%        6
 Starburst                Conj/Fire      0%         6d3       100%        6
 Ignition                 Fire           0%         3d3       100%        8
 Lehudib's Crystal Spear  Conj/Erth      0%         10d2      100%        8
 Polar Vortex             Ice            0%         N/A       100%        9
 Ice Form                 Ice/Tmut       Unusable   N/A       N/A         4

Dungeon Overview and Level Annotations

Branches:
Dungeon (15/15)            Temple (1/1) D:5            Lair (5/5) D:10
  Swamp (1/4) Lair:2       Spider (0/4) Lair:3        Slime (0/5) Lair:4
    Orc (2/2) D:12            Elf (0/3) Orc:2        Vaults (0/5) D:14
 Depths (0/4) D:15        Ossuary (visited)           IceCv (visited)

Altars:
Ashenzari
Cheibriados
Dithmenos
Fedhas
Gozag
Hepliaklqana
Kikubaaqudgha
Makhleb
Nemelex Xobeh
Okawaru
Qazlal
Ru
Sif Muna
Trog
Uskayaw
Vehumet
Wu Jian
Xom
Yredelemnul

Shops:
D:4 (   Orc:2 ((((*

Portals:
Abyss: Orc:1
Trove: D:13 (give 13 scrolls of teleportation)

Annotations:
D:4 Dowan, Duvessa
D:5 exclusion: downstairs
D:10 1 runed translucent door
D:14 exclusion: downstairs
Swamp:1 Mlioglotl
Orc:1 2 transporters, atomjack2's ghost, journeyman VSEn


Innate Abilities, Weirdness & Mutations

You are immune to poison.
Your flesh is cold resistant. (rC+)
You are immune to negative energy. (rN+++)
You are immune to unholy pain and torment.
You are vulnerable to heat. (rF-)
You are strongly in touch with the powers of death.
You do not drink.
You have a special connection with the divine. (Faith)


Message History

Mlioglotl attacks as you move away! You block Mlioglotl's attack.
Mlioglotl barely misses you. Mlioglotl closely misses you.
Mlioglotl tramples you!
You stumble backwards!
You puncture Mlioglotl!
Mlioglotl is moderately wounded.
Mlioglotl barely misses you. Mlioglotl tramples you!
You hold your ground!
You hit Mlioglotl.
Mlioglotl is moderately wounded.
Mlioglotl hits you but does no damage. Mlioglotl closely misses you.
You hit Mlioglotl.
Mlioglotl is moderately wounded.
You puncture Mlioglotl!
Mlioglotl is heavily wounded.
Mlioglotl closely misses you. Mlioglotl completely misses you.
You hit Mlioglotl.
Mlioglotl is heavily wounded.
Mlioglotl churns violently!
Mlioglotl seems to grow stronger.
You puncture Mlioglotl!
Mlioglotl is heavily wounded.
Mlioglotl completely misses you. Mlioglotl tramples you!
You hold your ground!
You puncture Mlioglotl!
Mlioglotl is severely wounded.
Mlioglotl hits you but does no damage. Mlioglotl completely misses you.
You completely miss Mlioglotl.
Mlioglotl is severely wounded.
Mlioglotl hits you. Mlioglotl tramples you.
You hold your ground!
You puncture Mlioglotl!
Mlioglotl is severely wounded.
Mlioglotl hits you!! Mlioglotl tramples you!!
* * * LOW HITPOINT WARNING * * *
You hold your ground!
Aiming: Bolt of Light
Press: ? - help, Shift-Dir - straight line, f - Mlioglotl
Aim: Mlioglotl (silenced, severely wounded, strong, 90% to hit)
The bolt of light hits Mlioglotl!
Mlioglotl is severely wounded.
Mlioglotl is blinded.
Mlioglotl closely misses you. Mlioglotl tramples you!!
You die...
Fedhas appreciates your contribution to the ecosystem.

~♣♣~§♣♣~§..♣~~~~,~,,,**
*♣.~~.♣~~§.♣~,,,******
*♣.~~~..♣§♣♣♣♣♣♣♣
~.......~♣♣ ♣...♣
~~).~....♣♣♣♣.~.♣♣♣♣
~~~...~.~~~~♣~.~~~~♣
~~~~...~§~~....~~~.♣♣♣
~~~...§~~~§.~...~~~~~♣
~~§~...~~~~~~...@..♣♣♣♣
,~~~.~~~~~~~.~~~.X~~~.♣
~~~~..~~~~...~~~.♣~~~.♣
~~~~........♣......~.~♣***
~~~....~....♣~....~~~♣.~.♣
~~~~.~~♣♣..♣♣♣♣....♣~.~§.♣
~~~~,**~..,,,..♣..~♣♣...~♣
,,,[~*,,,~~...♣~..♣♣*♣♣♣♣*
,~~,,,,,~~~...~~..♣


You could see Mlioglotl (strong, blind).

Vanquished Creatures
  Frances (D:12)
  Gastronok (D:12)
  A frost giant (IceCv)
  A juggernaut zombie (D:15)
  2 eleionomae (Swamp:1)
  Azrael (D:13)
  2 fire dragons
  Josephine (Orc:1)
  5 hydras
  An ice dragon (Lair:5)
  Fannar (D:11)
  A vault guard (D:14)
  Erica (Lair:2)
  Erolcha (D:10)
  5 centaur warriors
  A ghost crab (Swamp:1)
  An ogre mage (D:15)
  A boulder beetle (D:15)
  8 two-headed ogres
  2 alligators (Swamp:1)
  2 tengu warriors (D:15)
  A death knight (D:14)
  12 death yaks
  5 orc high priests (Orc:2)
  Urug (Orc:1)
  Sonja (Orc:1)
  A skeletal warrior (D:15)
  A goliath frog (Swamp:1)
  A deep troll (shapeshifter) (D:15)
  Lodul (D:10)
  3 wizards (D:14)
  A swamp dragon (Lair:5)
  A lindwurm (Lair:5)
  A phantasmal warrior (D:15)
  5 orc knights
  A deep elf pyromancer (D:14)
  16 ugly things
  2 will-o-the-wisps
  4 cyclopes
  3 manticores
  A sphinx skeleton (D:15)
  3 black mambas
  Joseph (D:9)
  22 elephants
  7 torpor snails
  An ice statue (IceCv)
  3 gargoyles
  12 cane toads
  An unseen horror (D:13)
  Maggie (D:8)
  3 yaktaurs (D:15)
  10 rime drakes
  2 ice devils (Orc:2)
  2 freezing wraiths
  14 komodo dragons
  A meliai (D:13)
  6 trolls
  13 hornets
  8 polar bears
  A wind drake (D:14)
  5 tyrant leeches
  A spriggan zombie (D:15)
  9 dream sheep
  14 blink frogs
  4 slime creatures (D:14)
  2 shadows (D:12)
  6 vampires
  33 yaks
  3 spriggans (Swamp:1)
  A centaur simulacrum (D:15)
  7 wraiths
  5 basilisks
  4 wyverns
  21 humans (D:14)
  4 vampire mosquitoes (D:14)
  4 steam dragons
  2 swamp worms
  2 acid dragons
  A hell hound (D:13)
  A warg (Orc:1)
  11 water moccasins
  4 swamp drakes
  An ice beast (D:6)
  27 orc warriors
  4 sky beasts (D:14)
  19 wolves
  9 centaurs
  16 ogres
  2 phantoms
  4 kobold brigands
  4 bullfrogs
  2 gnoll sergeants
  2 necrophages (D:6)
  14 wights
  2 troll zombies (D:12)
  8 killer bees
  An electric eel (Lair:5)
  3 jellies
  5 howler monkeys
  2 hounds
  A human zombie (Ossuary)
  10 iguanas
  25 orc priests
  4 gnoll boudas
  22 orc wizards
  4 hell rats (Lair:3)
  4 ogre zombies (D:12)
  A hound zombie (Ossuary)
  4 mummies (Ossuary)
  22 gnolls
  13 adders
  3 white imps
  An adder zombie (Ossuary)
  4 worms (D:2)
  3 dart slugs
  65 orcs
  4 ball pythons
  3 bats
  7 endoplasms
  4 giant cockroaches
  A gnoll zombie (Ossuary)
  6 goblins
  7 hobgoblins
  6 jackals
  18 kobolds
  4 quokkas
  3 frilled lizards
  A goblin skeleton (D:12)
  5 goblin zombies
  A hobgoblin skeleton (D:12)
  4 hobgoblin zombies
  A jackal zombie (Ossuary)
  2 orc skeletons (D:12)
  12 orc zombies (D:12)
  3 rats
  A rat zombie (Ossuary)
  2 ballistomycete spores
  A butterfly (Lair:4)
  2 starspawn tentacles (Swamp:1)
766 creatures vanquished.

Vanquished Creatures (collateral kills)
  Snorg (D:14)
  A two-headed ogre (D:13)
  2 death yaks
  A skeletal warrior (D:15)
  A necromancer (D:15)
  3 ugly things
  An orc knight (Orc:1)
  A deep elf pyromancer (D:14)
  An elephant (Lair:5)
  An unseen horror (D:10)
  A rime drake (IceCv)
  2 meliai (D:13)
  2 polar bears (IceCv)
  A hornet (Lair:5)
  A spriggan zombie (D:15)
  A wraith (Orc:1)
  2 fire elementals (D:13)
  A yak (IceCv)
  A steam dragon (D:9)
  An acid dragon (D:13)
  A water moccasin (Lair:5)
  A hell hound (D:13)
  An ice beast (D:6)
  An ogre (D:10)
  2 centaurs
  4 killer bees
  3 orc priests
  3 orc wizards
  3 hell rats (Lair:3)
  8 orcs
  209 ballistomycete spores
262 creatures vanquished.

Vanquished Creatures (others)
  Maurice (D:11)
  A bloated husk (Swamp:1)
  An orc warrior (Orc:2)
  A centaur (Lair:4)
  18 ballistomycete spores
  8 foxfires
  26 fungi
  105 plants
  6 starspawn tentacles (Swamp:1)
  10 withered plants (D:15)
177 creatures vanquished.

Grand Total: 1205 creatures vanquished

Notes
Turn   | Place    | Note
-------+----------+-------------------------------------------
     0 | D:1      | RepoMan the Mummy Monk began the quest for the Orb.
     0 | D:1      | Reached XP level 1. HP: 18/18 MP: 1/1
   289 | D:1      | Reached XP level 2. HP: 22/24 MP: 2/2
   303 | D:1      | Reached skill level 3 in Polearms
   989 | D:2      | Gained mutation: You are in touch with the powers of death.
                  | [Mummy growth]
   989 | D:2      | Reached XP level 3. HP: 29/29 MP: 3/3
  1200 | D:2      | Reached skill level 4 in Polearms
  1310 | D:2      | Reached XP level 4. HP: 34/35 MP: 4/4
  1732 | D:3      | Found a faded altar of an unknown god.
  2669 | D:4      | Noticed Duvessa
  2844 | D:4      | Reached XP level 5. HP: 33/41 MP: 5/5
  3303 | D:4      | Reached skill level 5 in Polearms
  3564 | D:4      | Found Qimil's Antique Weapon Boutique.
  3711 | D:4      | Noticed Dowan
  3747 | D:5      | Entered Level 5 of the Dungeon
  3761 | D:5      | Noticed a phantom
  3803 | D:5      | Killed a phantom
  3804 | D:5      | Reached XP level 6. HP: 23/47 MP: 6/6
  4028 | D:5      | Found a sand-covered staircase.
  4036 | Ossuary  | Entered an ossuary
  4097 | Ossuary  | Reached skill level 6 in Polearms
  4402 | D:5      | Found a staircase to the Ecumenical Temple.
  4414 | Temple   | Entered the Ecumenical Temple
  4529 | D:5      | Found a sparkling altar of Nemelex Xobeh.
  4530 | D:5      | Found an ancient bone altar of Kikubaaqudgha.
  5287 | D:5      | Found a shimmering altar of Xom.
  5287 | D:5      | Found a blossoming altar of Fedhas.
  5290 | D:5      | Became a worshipper of Fedhas Madash
  5290 | D:5      | Reached * piety under Fedhas
  5290 | D:5      | Reached ** piety under Fedhas
  5357 | D:5      | Reached XP level 7. HP: 32/52 MP: 7/7
  5677 | D:6      | Reached skill level 1 in Invocations
  5799 | D:6      | Reached skill level 7 in Polearms
  6057 | D:6      | Noticed a vampire
  6077 | D:6      | Killed a vampire
  6078 | D:6      | Reached XP level 8. HP: 40/58 MP: 6/9
  6199 | D:6      | Reached skill level 8 in Polearms
  7063 | D:7      | Reached *** piety under Fedhas
  7386 | D:7      | Reached skill level 9 in Polearms
  8008 | D:7      | Reached XP level 9. HP: 62/63 MP: 4/12
  8336 | D:7      | Reached skill level 5 in Invocations
  8432 | D:7      | Reached **** piety under Fedhas
  8523 | D:7      | Found a shimmering blue altar of Sif Muna.
  9432 | D:8      | Noticed Maggie
  9450 | D:8      | Killed Maggie
  9451 | D:8      | Reached skill level 1 in Armour
  9764 | D:8      | Reached skill level 10 in Polearms
 10749 | D:9      | Noticed Joseph
 10760 | D:9      | Killed Joseph
 10761 | D:9      | Reached XP level 10. HP: 73/73 MP: 1/14
 11851 | D:10     | Entered Level 10 of the Dungeon
 12117 | D:10     | Found a runed translucent door.
 12123 | D:10     | Noticed a fire crab
 12136 | D:10     | Noticed Erolcha
 12151 | D:10     | Killed Erolcha
 12152 | D:10     | Reached skill level 5 in Fighting
 12344 | D:10     | Reached skill level 11 in Polearms
 12364 | D:10     | Identified the +12 chain mail "Piwno" {rN++ Will- Dex+5}
 12840 | D:10     | Reached XP level 11. HP: 72/80 MP: 4/16
 12970 | D:10     | Found a staircase to the Lair.
 13086 | D:10     | Noticed Lodul
 13138 | D:10     | Killed Lodul
 13213 | D:10     | Noticed a two-headed ogre
 13242 | D:10     | Killed a two-headed ogre
 13243 | D:10     | Reached skill level 5 in Dodging
 13975 | Lair:1   | Entered Level 1 of the Lair of Beasts
 14596 | Lair:1   | Reached skill level 12 in Polearms
 15012 | Lair:1   | Reached skill level 5 in Armour
 15256 | Lair:1   | Reached XP level 12. HP: 69/91 MP: 5/17
 15745 | Lair:2   | Found a staircase to the Swamp.
 15748 | Lair:2   | Noticed Erica
 15782 | Lair:2   | Killed Erica
 17194 | Lair:3   | Found a hole to the Spider Nest.
 18076 | Lair:3   | Found a blossoming altar of Fedhas.
 18868 | Lair:4   | Reached skill level 13 in Polearms
 18892 | Lair:4   | Noticed a death yak
 18900 | Lair:4   | Noticed a death yak
 18907 | Lair:4   | Noticed a death yak
 18908 | Lair:4   | Noticed a death yak
 18914 | Lair:4   | Killed a death yak
 18917 | Lair:4   | Killed a death yak
 18918 | Lair:4   | Gained mutation: You are strongly in touch with the powers
                  | of death. [Mummy growth]
 18918 | Lair:4   | Reached XP level 13. HP: 70/98 MP: 3/19
 19364 | Lair:4   | Found a hide-covered altar of Uskayaw.
 19670 | Lair:4   | Found a staircase to the Slime Pits.
 19867 | Lair:5   | Entered Level 5 of the Lair of Beasts
 21512 | Lair:5   | Reached skill level 14 in Polearms
 21699 | Lair:5   | Reached ***** piety under Fedhas
 21803 | Lair:5   | Noticed a fire dragon
 21821 | Lair:5   | Killed a fire dragon
 22274 | Lair:5   | Reached XP level 14. HP: 100/108 MP: 0/21
 22464 | Lair:5   | Found a runed translucent door.
 23392 | D:11     | Found a snail-covered altar of Cheibriados.
 23972 | D:11     | Noticed Maurice
 23980 | D:11     | Noticed Fannar
 23986 | D:11     | Killed Maurice
 23994 | D:11     | Killed Fannar
 23995 | D:11     | Reached skill level 10 in Invocations
 24087 | D:12     | Identified the +9 spear "Xixamuko" {pain, rPois Dex+3
                  | Stlth-}
 24197 | D:12     | Noticed Gastronok
 24221 | D:12     | Killed Gastronok
 24488 | D:12     | Found a staircase to the Orcish Mines.
 24617 | D:12     | Noticed Frances
 24650 | D:12     | Killed Frances
 24651 | D:12     | Reached skill level 10 in Fighting
 25174 | Orc:1    | Entered Level 1 of the Orcish Mines
 25347 | Orc:1    | Noticed Sonja
 25354 | Orc:1    | Killed Sonja
 25652 | Orc:1    | Found a one-way gate to the infinite horrors of the Abyss.
 25652 | Orc:1    | Noticed atomjack2's ghost (journeyman VSEn)
 25724 | Orc:1    | Noticed an orc warlord
 25985 | Orc:1    | Found a transporter.
 26003 | Orc:1    | Noticed Urug
 26035 | Orc:1    | Killed Urug
 26533 | Orc:1    | Noticed Josephine
 26541 | Orc:1    | Killed Josephine
 26707 | Orc:1    | Found a transporter.
 26772 | Orc:2    | Entered Level 2 of the Orcish Mines
 26924 | Orc:2    | Reached skill level 15 in Polearms
 26938 | Orc:2    | Found a frozen archway.
 27002 | IceCv    | Entered an ice cave
 27942 | IceCv    | Reached XP level 15. HP: 98/117 MP: 4/22
 28188 | IceCv    | Noticed a frost giant
 28249 | IceCv    | Killed a frost giant
 28453 | IceCv    | Got Sif Muna's Vademecum on the Chill
 28755 | Orc:2    | Found a staircase to the Elven Halls.
 29403 | Orc:2    | Found Ecuoheck's General Store.
 29411 | Orc:2    | Bought a scroll of teleportation for 36 gold pieces
 29562 | Orc:2    | Found Adiukiridd's Weapon Emporium.
 29562 | Orc:2    | Found Massebas's Antique Weapon Emporium.
 29563 | Orc:2    | Found Tityoza's Antique Weapon Emporium.
 29563 | Orc:2    | Found Bipsics Toto's Weapon Shoppe.
 29578 | Orc:2    | Bought a +6 vampiric trident for 680 gold pieces
 30240 | D:13     | Found a portal to a secret trove of treasure.
 30719 | D:13     | Noticed Azrael
 30741 | D:13     | Killed Azrael
 31400 | D:14     | Noticed Snorg
 31415 | D:14     | Killed Snorg
 31588 | D:14     | Found a shadowy altar of Dithmenos.
 32317 | D:14     | You fall into a shaft and drop 1 floor!
 32317 | D:15     | Entered Level 15 of the Dungeon
 32606 | D:14     | Reached skill level 16 in Polearms
 32615 | D:14     | Found a gate to the Vaults.
 32873 | D:15     | Found an opulent altar of Gozag.
 33281 | D:15     | Reached XP level 16. HP: 98/126 MP: 24/24
 33726 | D:15     | Identified the +4 plate armour of Vanity {Fly rC+ Str-4
                  | Dex+3}
 33772 | D:15     | Reached skill level 10 in Dodging
 33805 | D:15     | Found a staircase to the Depths.
 34119 | D:15     | Found a shimmering altar of Xom.
 34121 | D:15     | Found a hazy altar of Hepliaklqana.
 34121 | D:15     | Found an ancient bone altar of Kikubaaqudgha.
 34143 | D:15     | Found a shimmering altar of Xom.
 34143 | D:15     | Found a bloodstained altar of Trog.
 34143 | D:15     | Found a stormy altar of Qazlal.
 34457 | Swamp:1  | Entered Level 1 of the Swamp
 35232 | Swamp:1  | Noticed Mlioglotl
 35234 | Swamp:1  | Noticed a tentacled starspawn
 35236 | Swamp:1  | Noticed a tentacled starspawn
 35243 | Swamp:1  | Noticed a tentacled starspawn
 35852 | Swamp:1  | Slain by Mlioglotl

Illustrated notes

Levels and vault maps discovered:
D:1:      sevenhm_arrival_forest_fort_small_4, layout_loops_cross
D:2:      layout_basic, minmay_tromino_v4_c
D:3:      layout_basic, chequers_ecumenical_altar_simple_redux
D:4:      layout_basic, serial_shops, nicolae_shop_hallway_plus,
          grunt_decor_fettered, uniq_duvessa
D:5:      layout_basic, gammafunk_temple_overflow_statue,
          gammafunk_temple_overflow_elements, minmay_temple_entry_tees,
          chequers_ossuary_entry_cave
D:6:      layout_basic
D:7:      layout_layer_cave, mainiacjoe_overflow_boulevard,
          nicolae_grassy_gnolls
D:8:      layout_basic, uniq_maggie
D:9:      layout_grid_maze, minmay_diced_spiral, uniq_joseph
D:10:     gammafunk_mikee_crab_dinner, layout_layer_cave,
          mainiacjoe_overflow_alcove_1, dpeg_oklobed_lair, uniq_erolcha,
          uniq_lodul
D:11:     layout_rooms, kennysheep_slug_shrine, uniq_fannar, uniq_maurice
D:12:     layout_rooms, zombieorc1_lemuel, uniq_gastronok, uniq_frances
D:13:     layout_loops_ring, nicolae_trove_entry_isolated,
          kennysheep_generic_room_5, uniq_azrael
D:14:     layout_basic, grunt_vaults_entry_tiered,
          nicolae_dithmenos_shadow_blocks, dreamdust_looks_like_rain, uniq_snorg
D:15:     gammafunk_depths_entry_grave, layout_cross, doesnt_xom_only_xom,
          grunt_gozag_statues
Temple:   nicolae_temple_superstar
Lair:1:   layout_hall_layers, chequers_serial_rivers_micro_d
Lair:2:   layout_layer_cave, minmay_swamp_entry_wisps, uniq_erica
Lair:3:   minmay_lair_venomous_thicket, layout_chaotic_city,
          spider_nest_entry_web_field, hangedman_tree_tricks
Lair:4:   layout_regular_city, minmay_slime_entry_oklob_enclosed,
          lemuel_centaur_altar, grunt_megastairs_1, lemuel_fruit_fields
Lair:5:   guppyfry_lair_end_dragon, layout_regular_city, wormcave,
          gammafunk_lair_bear_cave
Swamp:1:  layout_basic_swamp, evilmike_swamp_ruin_rubble_1, uniq_mlioglotl
Orc:1:    layout_caves, gammafunk_ghost_abyssal_escape, uniq_urug, uniq_sonja,
          uniq_josephine
Orc:2:    st_orc_pillars, layout_caves, serial_shops, shop,
          portal_ice_cave_demonic_guard, nicolae_orc_lava_room

Skill      XL: |  1  2  3  4  5  6  7  8  9 10 11 12 13 14 15 16 |
---------------+-------------------------------------------------+-----
Polearms       | 3 4 5 6 7 9 10 11 12 13 14 15 16 | 16.5
Invocations    | 2 4 5 6 7 8 9 10 11 | 11.7
Armour         | 2 3 5 6 7 8 9 |  9.7
Dodging        | 3 4 5 6 7 8 9 10 | 10.2
Fighting       | 4 5 7 8 9 10 11 | 11.9
Stealth        | |  1.5

Action                   |  1- 3 |  4- 6 |  7- 9 | 10-12 | 13-15 | 16-18 || total
-------------------------+-------+-------+-------+-------+-------+-------++-------
Melee: Spear             |   159 |   317 |       |       |       |       ||   476
       Punch             |       |     6 |     5 |     3 |    27 |     3 ||    44
       Halberd           |       |    31 |    77 |       |       |       ||   108
       Trident           |       |       |   394 |   689 |  1984 |   307 ||  3374
Throw: Stone             |     2 |     7 |       |       |       |       ||     9
       Dart              |     4 |    18 |       |    55 |    14 |       ||    91
       Boomerang         |       |    57 |    64 |     4 |       |       ||   125
       Javelin           |       |     3 |     1 |     3 |     5 |       ||    12
       Throwing net      |       |       |     1 |       |       |       ||     1
Invok: Wall of Briars    |       |       |     4 |    11 |    39 |    10 ||    64
       Grow Ballistomyce |       |       |     1 |     9 |    20 |     3 ||    33
       Overgrow          |       |       |       |       |     1 |     1 ||     2
       Grow Oklob        |       |       |       |       |     1 |     1 ||     2
Evoke: Wand              |       |     6 |    11 |     5 |    19 |     3 ||    44
       Condenser vane    |       |       |       |       |     3 |     1 ||     4
  Use: Scroll            |     3 |     6 |     7 |     5 |    10 |     4 ||    35
 Stab: Sleeping          |     1 |     2 |       |     1 |     2 |       ||     6
       Held in net/web   |       |       |     1 |       |       |       ||     1
       Confused          |       |       |       |    18 |    33 |     8 ||    59
       Distracted        |       |       |       |       |     2 |     4 ||     6
       Invisible         |       |       |       |       |       |     1 ||     1
Armor: Ring mail         |    42 |   104 |    93 |       |       |       ||   239
       Swamp dragon scal |       |       |    30 |   107 |       |       ||   137
       Acid dragon scale |       |       |       |    76 |    76 |       ||   152
       Fire dragon scale |       |       |       |       |   261 |    83 ||   344
       Ice dragon scales |       |       |       |       |    50 |       ||    50
       Chain mail        |       |       |       |       |    13 |       ||    13
Dodge: Dodged            |    52 |   158 |   150 |   260 |   607 |    80 ||  1307
Block: Other             |       |    38 |    71 |    84 |   200 |    25 ||   418
       Reflection        |       |       |     2 |     1 |    11 |       ||    14

Table legend: (Time is in decaauts)
 A = Elapsed time spent in this place.
 B = Non-inter-level travel time spent in this place.
 C = Inter-level travel time spent in this place.
 D = Time resting spent in this place.
 E = Time spent auto-exploring this place.
 F = Levels seen in this place.
 G = Mean time per level.
                   A        B        C        D        E       F      G
               +--------+--------+--------+--------+--------+-----+--------+
         Total |  34902 |  33851 |   1051 |  10320 |  12639 |  26 | 1342.4 |
       Dungeon |  19490 |  18822 |    668 |   5155 |   7965 |  15 | 1299.3 |
        Temple |     88 |     88 |      0 |      0 |      0 |   1 |   88.0 |
          Lair |   9184 |   8906 |    278 |   3072 |   3306 |   5 | 1836.8 |
         Swamp |   1388 |   1388 |      0 |    580 |    351 |   1 | 1388.0 |
  Orcish Mines |   2977 |   2874 |    103 |    586 |    950 |   2 | 1488.5 |
       Ossuary |    332 |    332 |      0 |     68 |      0 |   1 |  332.0 |
      Ice Cave |   1442 |   1442 |      0 |    859 |     67 |   1 | 1442.0 |
               +--------+--------+--------+--------+--------+-----+--------+

Top non-repeatable levels by time:
  Lair:5: 2645 daAuts
     D:7: 2215 daAuts
    D:10: 2158 daAuts
  Lair:4: 2079 daAuts
   Orc:1: 1778 daAuts
     D:5: 1600 daAuts
  Lair:1: 1552 daAuts
  Lair:3: 1540 daAuts
   IceCv: 1442 daAuts
    D:15: 1406 daAuts
    D:14: 1402 daAuts
     D:9: 1397 daAuts
    D:12: 1392 daAuts
 Swamp:1: 1388 daAuts
  Lair:2: 1366 daAuts
